 Dungeon Crawl Stone Soup version 0.20.1-1-g8b1a95d (webtiles) character file.

779 Saithnar the Covered (level 7, 0/50 HPs)
             Began as a Barachi Fighter on Aug 19, 2017.
             Was an Initiate of Elyvilon.
             Killed by nerve-wracking pain
             ... invoked by an orc priest
              (2 damage)
             ... on level 5 of the Dungeon.
             The game lasted 00:14:54 (4623 turns).

Saithnar the Covered (Barachi Fighter)              Turns: 4623, Time: 00:14:55

Health: 0/50       AC: 14    Str: 21    XL:     7   Next: 85%
Magic:  7/7        EV:  5    Int:  8    God:    Elyvilon [......]
Gold:   169        SH: 10    Dex: 12    Spells: 6/6 levels left

rFire    . . .     SeeInvis .   a - +1 long sword
rCold    . . .     Gourm    .   c - +0 shield
rNeg     . . .     Faith    .   q - +1 plate armour
rPois    +         Spirit   .   o - +0 helmet
rElec    .         Reflect  .   (no cloak)
rCorr    .         Harm     .   (no gloves)
MR       .....                  (no boots)
Stlth    ..........             (no amulet)
Regen    0.2/turn               (no ring)
MPRegen  0.1/turn               (no ring)

@: slow
A: +LOS, swims, talons 1, frail 1, poison resistance, slowness 1, strong 1,
strong legs 1
a: Hop, Renounce Religion


You were on level 5 of the Dungeon.
You worshipped Elyvilon.
Elyvilon was noncommittal.
You were not hungry.

You visited 1 branch of the dungeon, and saw 5 of its levels.

You collected 169 gold pieces.

Inventory:

Hand Weapons
 a - a +1 long sword (weapon)
Armour
 b - a +0 scale mail
 c - a +0 shield (worn)
 h - a +0 chain mail
 k - a +0 chain mail
 m - a +0 chain mail
 o - a +0 helmet (worn)
 q - a +1 plate armour (worn)
Magical Staves
 w - an uncursed staff of air {unknown}
Wands
 l - a wand of digging (6/24)
Scrolls
 f - a scroll of magic mapping {unknown}
 j - 2 scrolls of fog
 n - 2 scrolls of identify
Potions
 g - a potion of experience {unknown}
 i - 3 potions of flight
 p - a potion of mutation
 t - a potion of ambrosia {unknown}
 u - a potion of haste {unknown}
Books
 e - a book of Minor Magic

   Spells                             Type                      Level
   a - Magic Dart                     Conjuration                  1
   b - Blink                          Translocation                2
   c - Call Imp                       Summoning                    2
   d - Slow                           Hexes                        2
   e - Conjure Flame                  Conjuration/Fire             3
   f - Mephitic Cloud                 Conjuration/Poison/Air       3
Comestibles
 d - 5 fruits


   Skills:
 + Level 5.3 Fighting
 + Level 5.6 Long Blades
 + Level 6.0 Armour
 + Level 2.3 Dodging
 + Level 0.8 Stealth
 + Level 5.7 Shields


You had 6 spell levels left.
You didn't know any spells.

Dungeon Overview and Level Annotations

Branches:
Dungeon (5/15)
 Temple: D:4-7

Altars:
Elyvilon
Nemelex Xobeh
Ru
Sif Muna

Shops:
D:4 :

Annotations:
D:3 Saithnar's ghost, amateur DEFE


Innate Abilities, Weirdness & Mutations

Shadows flee at your approach. (+LOS)
You can swim through water.
You cover ground slowly.
You can hop short distances.
You have sharp toenails.
You are frail. (-10% HP)
Your system is resistant to poisons. (rPois)
Your muscles are strong. (Str +2)


Message History

You hit the orc priest.
The orc priest is moderately wounded.
The orc priest hits you but does no damage.
The orc priest calls upon Beogh to heal the orc priest.
Something hits you but does no damage.
You hit the orc priest but do no damage.
The orc priest is moderately wounded.
The orc priest mumbles some strange prayers to Beogh against you.
Beogh smites you!
* * * LOW HITPOINT WARNING * * *
The orc priest mumbles some strange prayers to Beogh against you.
Pain shoots through your body!
* * * LOW HITPOINT WARNING * * *
Something hits you but does no damage.
It was a potion of mutation.
You feel extremely strange.
You feel frail.
You feel resistant to poisons.
Your toenails lengthen and sharpen.
You feel stronger.
The orc priest calls down the wrath of Beogh upon you.
Pain shoots through your body!
You die...

##### . ..)# ...#####.###
.. .. .........o@### .##.#
#.......$.o.# .##.#
#....##.#.#.# .##.#
##.#.##.#.#.# .##.# #
.#.##.#.#.####### ..#.#
.##.#.##o#.#....<..#
..#.##.#..#>#....#######.#
.......#.##.......## #
.............<.....###


You could see 2 orc priests.

Vanquished Creatures
  An ice beast (D:4)
  An ogre (D:4)
  5 killer bees
  An orc priest (D:3)
  2 hounds
  2 orc wizards (D:3)
  A worker ant (D:4)
  A hound skeleton (D:4)
  Robin (D:2)
  6 adders
  A gnoll (D:1)
  2 oozes
  3 worms
  An adder skeleton (D:4)
  A dart slug (D:1)
  A leopard gecko (D:1)
  6 orcs
  8 bats
  6 giant cockroaches
  13 hobgoblins
  5 kobolds
  2 quokkas
  3 frilled lizards
  15 goblins
  A leopard gecko skeleton (D:5)
  13 rats
102 creatures vanquished.

Vanquished Creatures (others)
  A quokka (D:4)
  A jackal skeleton (D:4)
2 creatures vanquished.

Grand Total: 104 creatures vanquished

Notes
Turn   | Place    | Note
-------+----------+-------------------------------------------
     0 | D:1      | Saithnar the Barachi Fighter began the quest for the Orb.
     0 | D:1      | Reached XP level 1. HP: 18/18 MP: 1/1
   491 | D:1      | Reached XP level 2. HP: 25/25 MP: 2/2
   559 | D:1      | Reached skill level 4 in Armour
   631 | D:1      | Reached XP level 3. HP: 20/30 MP: 3/3
  1198 | D:2      | Reached skill level 1 in Dodging
  1211 | D:2      | Reached XP level 4. HP: 33/37 MP: 4/4
  1680 | D:2      | Noticed Robin
  1701 | D:2      | Killed Robin
  1895 | D:2      | Reached XP level 5. HP: 12/43 MP: 5/5
  2160 | D:3      | Reached XP level 6. HP: 46/49 MP: 6/6
  2806 | D:3      | Reached skill level 5 in Armour
  3122 | D:3      | Reached skill level 5 in Long Blades
  3122 | D:3      | Reached XP level 7. HP: 48/55 MP: 7/7
  3231 | D:3      | Noticed Saithnar's ghost (amateur DEFE)
  3513 | D:4      | Reached skill level 5 in Shields
  3553 | D:4      | Reached skill level 5 in Fighting
  3672 | D:4      | Found a white marble altar of Elyvilon.
  3685 | D:4      | Became a worshipper of Elyvilon the Healer
  3773 | D:4      | Found King's Book Emporium.
  3900 | D:4      | Found a deep blue altar of Sif Muna.
  3983 | D:4      | Found a sacrificial altar of Ru.
  4193 | D:4      | Found a sparkling altar of Nemelex Xobeh.
  4265 | D:5      | Entered Level 5 of the Dungeon
  4363 | D:4      | Reached skill level 6 in Armour
  4622 | D:5      | HP: 2/56 [orc priest/nerve-wracking pain (11)]
  4623 | D:5      | Gained mutation: You are frail. (-10% HP) [potion of mutation]
  4623 | D:5      | Gained mutation: Your system is resistant to poisons. (rPois) [potion of mutation]
  4623 | D:5      | Gained mutation: You have sharp toenails. [potion of mutation]
  4623 | D:5      | Gained mutation: Your muscles are strong. (Str +2) [potion of mutation]
  4623 | D:5      | Killed from afar by an orc priest

Skill      XL: |  1  2  3  4  5  6  7 |
---------------+----------------------+-----
Fighting       | 4 5 |  5.3
Armour         | 4 5 6 |  6.0
Dodging        | 1 2 |  2.3
Long Blades    | 3 4 5 |  5.6
Shields        | 4 5 |  5.7
Stealth        | |  0.8

Action                   |  1- 3 |  4- 6 |  7- 9 || total
-------------------------+-------+-------+-------++-------
Melee: Long sword        |   130 |   182 |   118 ||   430
 Abil: Hop               |     1 |       |     1 ||     2
  Use: Potion            |     1 |     8 |     1 ||    10
       Scroll            |     2 |     2 |     4 ||     8
  Eat: Chunk             |     1 |     3 |       ||     4
       Fruit             |       |     1 |       ||     1
       Bread ration      |       |     1 |     1 ||     2
Armor: Scale mail        |    92 |    88 |       ||   180
       Plate armour      |       |    26 |   116 ||   142
Dodge: Dodged            |    64 |    86 |    32 ||   182
Block: Shield            |   102 |   124 |    95 ||   321
       Rpst.: Long sword |    24 |    24 |     6 ||    54
